 Dungeon Crawl Stone Soup version 0.26.1 (webtiles) character file.

Game seed: 3489322633356712095

926 DasRunzen the Conjurer (level 7, -1/57 HPs)
             Began as a Demigod Conjurer on Feb 5, 2021.
             Slain by a big kobold
             ... wielding a +0 dagger
              (5 damage)
             ... in a sewer.
             The game lasted 00:15:18 (6912 turns).

DasRunzen the Conjurer (Demigod Conjurer)           Turns: 6912, Time: 00:15:19

Health: -1/57      AC:  4    Str: 14    XL:     7   Next: 54%
Magic:  12/15      EV: 14    Int: 22    God:
Gold:   279        SH:  0    Dex: 14    Spells: 10/13 levels left

rFire    . . .     SeeInvis +   l - +3 scythe (protect)
rCold    + . .     Faith    .   (shield currently unavailable)
rNeg     . . .     Spirit   .   a - +2 robe
rPois    .         Reflect  .   (no helmet)
rElec    .         Harm     .   (no cloak)
rCorr    .         Rampage  .   (no gloves)
Will     .....                  (no boots)
Stlth    ++........             (no amulet)
HPRegen  0.19/turn              e - ring of protection from cold
MPRegen  0.14/turn              i - ring of see invisible

@: no status effects
A: high mp 1
a: no special abilities


You were in a sewer.
You visited 1 branch of the dungeon, and saw 5 of its levels.
You also visited: Sewer.

You collected 279 gold pieces.

Inventory:

Hand Weapons
 l - a +3 scythe of protection (weapon)
Armour
 a - a +2 robe (worn)
Jewellery
 e - a ring of protection from cold (left hand)
 h - an uncursed ring of flight
 i - a ring of see invisible (right hand)
 p - a +6 ring of intelligence {unknown}
Scrolls
 n - a scroll of fear
 o - a scroll of teleportation
Potions
 b - 2 potions of resistance
 d - a potion of magic
 f - 2 potions of haste
 g - a potion of cancellation {unknown}
 j - a potion of attraction {unknown}
 k - a potion of invisibility {unknown}
 m - 2 potions of might {unknown}
 r - 2 potions of lignification {unknown}


   Skills:
 + Level 3.2 Fighting
 + Level 3.4 Armour
 + Level 4.0 Dodging
 - Level 1.7 Stealth
 + Level 3.6 Spellcasting
 + Level 5.2 Conjurations


You had 10 spell levels left.
You knew the following spells:

 Your Spells              Type           Power        Failure   Level
a - Magic Dart            Conj           100%         1%          1
b - Searing Ray           Conj           54%          1%          2

Your spell library contained the following spells:

 Spells                   Type           Power        Failure   Level
 Dazzling Flash           Conj/Hex       30%          12%         3
 Confusing Touch          Hex            4%           34%         3
 Gell's Gravitas          Tloc           2%           34%         3
 Fulminant Prism          Conj/Hex       7%           36%         4
 Iskenderun's Mystic Bla  Conj/Tloc      15%          36%         4
 Petrify                  Tmut/Erth      4%           75%         4
 Metabolic Englaciation   Hex/Ice        2%           97%         5
 Yara's Violent Unravell  Hex/Tmut       2%           97%         5


Dungeon Overview and Level Annotations

Branches:
Dungeon (5/15)              Sewer (1/1)
 Temple: D:4-7

Shops:
D:4 !


Innate Abilities, Weirdness & Mutations

You have an increased reservoir of magic. (+10% MP)


Message History

Anything else - Cancel.
Okay, then.
Casting: Searing Ray (safe; 1% risk of failure)
Confirm with . or Enter, or press ? or * to list all spells.
Aiming: Searing Ray (safe; 1% risk of failure)
Press: ? - help, Shift-Dir - straight line, f - big kobold
Aim: a big kobold, wielding a +0 dagger (lightly wounded, 26% to evade)
The searing ray misses the big kobold. (Press . to maintain the ray.)
The kobold hits you but does no damage.
The big kobold hits you with a +0 dagger.
* * * LOW HITPOINT WARNING * * *
The kobold hits you with a +0 short sword.
* * * LOW HITPOINT WARNING * * *
The searing ray hits the big kobold.
The big kobold is moderately wounded.
The kobold hits you.
* * * LOW HITPOINT WARNING * * *
The big kobold hits you with a +0 dagger.
You die...

......≈≈≈≈≈†....#
.....≈≈≈≈≈≈.....#
....≈.≈≈≈≈≈≈....##
.....≈≈≈≈≈≈......##
#...≈≈≈≈≈≈≈≈......#
#..(.≈≈≈≈≈≈≈#...(.#
#...≈≈≈≈≈≈≈≈##....#
....≈≈≈≈≈≈≈≈≈#....#
.....≈≈≈≈≈≈≈≈..)@K##
#...≈≈≈≈≈≈≈≈≈.≈(KK.#
#.)(≈≈≈≈≈≈≈≈≈≈..(..#
###†####≈#≈#≈###'###
#..)..#≈#≈#≈# ...
#.....##≈#≈# .....
##...##≈#≈# ##...##
#.....# ≈# !...!
#..#..# !!#!!


You could see a big kobold and 2 kobolds.

Vanquished Creatures
  Sigmund (D:3)
  An ogre (D:4)
  2 big kobolds (Sewer)
  A scorpion (D:4)
  An orc priest (D:3)
  An orc wizard (D:3)
  4 worker ants (D:4)
  A hound skeleton (D:4)
  11 adders
  4 river rats (Sewer)
  3 oozes
  5 worms
  3 dart slugs
  6 leopard geckos
  10 orcs
  5 ball pythons (Sewer)
  8 bats
  6 giant cockroaches
  9 goblins
  9 hobgoblins
  17 jackals
  14 kobolds
  2 quokkas
  8 frilled lizards
  23 rats
155 creatures vanquished.

Notes
Turn   | Place    | Note
-------+----------+-------------------------------------------
     0 | D:1      | DasRunzen the Demigod Conjurer began the quest for the Orb.
     0 | D:1      | Reached XP level 1. HP: 14/14 MP: 5/5
   245 | D:1      | Reached XP level 2. HP: 7/22 MP: 0/7
   248 | D:1      | Learned a level 2 spell: Searing Ray
  1118 | D:1      | Reached XP level 3. HP: 20/27 MP: 0/8
  1271 | D:1      | Reached skill level 1 in Armour
  1537 | D:1      | Reached skill level 1 in Fighting
  2061 | D:2      | Reached skill level 4 in Conjurations
  2245 | D:2      | Reached XP level 4. HP: 30/35 MP: 10/10
  3529 | D:3      | Reached XP level 5. HP: 40/40 MP: 5/11
  4242 | D:3      | Noticed Sigmund
  4253 | D:3      | Killed Sigmund
  4254 | D:3      | Reached XP level 6. HP: 7/48 MP: 2/13
  4909 | D:4      | Found a shimmering altar of Xom.
  4929 | D:4      | Found a shimmering altar of Xom.
  5826 | D:4      | Reached XP level 7. HP: 56/56 MP: 15/15
  5864 | D:4      | Found Qiacepn's Distillery.
  6356 | D:4      | Reached skill level 5 in Conjurations
  6438 | D:4      | Found a shimmering altar of Xom.
  6614 | D:5      | Entered Level 5 of the Dungeon
  6657 | D:5      | Found a glowing drain.
  6682 | Sewer    | Entered a sewer
  6912 | Sewer    | Slain by a big kobold

Illustrated notes

Levels and vault maps discovered:
D:1:      psy_arrival_statuary, layout_basic
D:2:      layout_loops_corners, kennysheep_crisscross
D:3:      layout_basic, small_statue_intersection, uniq_sigmund
D:4:      layout_basic, xom_redecorated, serial_shops, shop, corner_web_ring
D:5:      gammafunk_cloud_chamber, layout_rooms, lemuel_round_altar,
          minmay_temple_entry_gardened_gates, cheibrodos_sewer_entry_drain,
          lightli_ossuary_entry_decrepit_ruins, uniq_eustachio
Sewer:    sewer_minmay_treatment

Skill      XL: |  1  2  3  4  5  6  7 |
---------------+----------------------+-----
Dodging        | 2 3 4 |  4.0
Spellcasting   | 2 3 |  3.6
Armour         | 1 2 3 |  3.4
Fighting       | 1 2 3 |  3.2
Conjurations   | 4 5 |  5.2
Stealth        | |  1.7

Action                   |  1- 3 |  4- 6 |  7- 9 || total
-------------------------+-------+-------+-------++-------
Melee: Unarmed           |    16 |       |       ||    16
       Hand axe          |    30 |   113 |       ||   143
       Scythe            |       |    66 |   133 ||   199
 Cast: Magic Dart        |    88 |     1 |       ||    89
       Searing Ray       |       |    12 |     5 ||    17
  Use: Scroll            |     5 |     2 |     5 ||    12
       Potion            |       |       |     3 ||     3
 Stab: Sleeping          |       |     4 |     1 ||     5
Armor: Robe              |    17 |    62 |    94 ||   173
Dodge: Dodged            |    55 |   192 |   236 ||   483
